 Dungeon Crawl Stone Soup version 0.28-a0-124-g73ec313a74 (webtiles) character file.

Game seed: 11289115067859506300

30410 porpoise the Covert (level 13, 0/89 HPs)
             Began as an Octopode Venom Mage on July 10, 2021.
             Was a Priest of Dithmenos.
             Slain by an eight-headed hydra (12 damage)
             ... on level 3 of the Lair of Beasts on Aug 15, 2021.
             The game lasted 01:48:33 (24665 turns).

porpoise the Covert (Octopode Venom Mage)          Turns: 24665, Time: 01:48:40

Health: 0/89       AC:  5    Str:  8    XL:     13   Next: 51%
Magic:  11/23      EV: 21    Int: 32    God:    Dithmenos [***...]
Gold:   564        SH:  0    Dex: 14    Spells: 4/26 levels left

rFire   . . .      SeeInvis +   b - +1 hunting sling "Naom" {venom, Will+}
rCold   + . .      Faith    .   (no shield)
rNeg    + . .      Spirit   .   (helmet restricted)
rPois   .          Reflect  .   (no amulet)
rElec   .          Harm     .   j - +4 ring of evasion
rCorr   .          Rampage  .   m - ring of protection from cold
Will    +....                   p - +4 ring of protection
Stlth   ++++++++..              x - ring of see invisible
HPRegen 0.24/turn               e - ring of positive energy
MPRegen 0.18/turn               D - +4 ring of slaying
                                G - +6 ring of intelligence
                                O - +6 ring of intelligence

@: wreathed by umbra
A: almost no armour, amphibious, 8 rings, camouflage 1, gelatinous body 1,
(nimble swimmer 1), tentacles
a: Renounce Religion, Shadow Step


You were on level 3 of the Lair of Beasts.
You worshipped Dithmenos.
Dithmenos was most pleased with you.
You visited 3 branches of the dungeon, and saw 16 of its levels.

You collected 726 gold pieces.
You spent 162 gold pieces at shops.

Inventory:

Hand Weapons
 a - a +7 war axe of freezing
 b - the +1 hunting sling "Naom" (weapon) {venom, Will+}
   (You bought it in a shop on level 7 of the Dungeon)

   Any ammunition fired from it poisons the flesh of those it strikes.
   Will:      It increases your willpower.
 l - a +2 spear of flaming
 w - a +1 short sword of draining
 I - a +4 scimitar
 W - a +1 vampiric dagger
Missiles
 d - 55 bolts
 f - 6 sling bullets (quivered ammo)
 g - 15 boomerangs
 n - 73 poisoned darts
 q - 173 stones
 A - 3 curare-tipped darts
 B - 3 throwing nets
Magical Staves
 y - a staff of fire
 Q - a staff of cold
Jewellery
 e - a ring of positive energy (on tentacle)
 j - a +4 ring of evasion (left tentacle)
 m - a ring of protection from cold (right tentacle)
 p - a +4 ring of protection (on tentacle)
 x - a ring of see invisible (on tentacle)
 D - a +4 ring of slaying (on tentacle)
 G - a +6 ring of intelligence (on tentacle)
 J - a ring of flight
 O - a +6 ring of intelligence (on tentacle)
Wands
 E - a wand of iceblast (40)
 K - a wand of polymorph (20)
 U - a wand of acid (11)
Scrolls
 c - a scroll of summoning
 h - a scroll of fog
 o - 2 scrolls of noise
 r - a scroll of enchant armour
 t - 2 scrolls of brand weapon
 u - a scroll of torment
 N - a scroll of vulnerability
 R - a scroll of enchant weapon
 T - a scroll of identify
 V - a scroll of magic mapping {unknown}
Potions
 k - 2 potions of cancellation
 s - a potion of berserk rage
 v - 2 potions of mutation
 z - a potion of lignification
 F - a potion of attraction
 H - a potion of haste
 L - 2 potions of might
 M - 2 potions of brilliance
 P - a potion of curing


   Skills:
 + Level 8.4 Fighting
 - Level 4.0 Short Blades
 - Level 4.0 Slings
 + Level 8.9 Dodging
 - Level 12.0 Stealth
 - Level 7.0 Spellcasting
 - Level 5.0 Conjurations
 - Level 5.0 Transmutations
 - Level 3.0 Fire Magic
 - Level 5.0 Ice Magic
 - Level 5.0 Air Magic
 - Level 5.0 Earth Magic
 - Level 8.0 Poison Magic
 - Level 5.0 Invocations
 - Level 5.0 Evocations


You had 4 spell levels left.
You knew the following spells:

 Your Spells              Type           Power      Damage    Failure   Level
b - Stone Arrow           Conj/Erth      86%        3d12      1%          3
c - Ice Form              Ice/Tmut       43%        N/A       5%          4
i - Ignite Poison         Fire/Tmut/Pois 45%        N/A       1%          3
m - Mephitic Cloud        Conj/Pois/Air  49%        N/A       1%          3
o - Olgreb's Toxic Radia  Pois           58%        N/A       1%          4
r - Frozen Ramparts       Ice            86%        1d10      1%          3
v - Poisonous Vapours     Pois/Air       100%       N/A       1%          2

Your spell library contained the following spells:

 Spells                   Type           Power      Damage    Failure   Level
 Beastly Appendage        Tmut           86%        N/A       1%          1
 Freeze                   Ice            100%       1d11      1%          1
 Sting                    Tmut/Pois      100%       1d8       1%          1
 Wereblood                Tmut           43%        N/A       1%          2
 Spider Form              Tmut/Pois      26%        N/A       1%          3
 Animate Skeleton         Necr           22%        N/A       4%          1
 Apportation              Tloc           22%        N/A       4%          1
 Corona                   Hex            12%        N/A       4%          1
 Summon Small Mammal      Summ           44%        N/A       4%          1
 Hailstorm                Conj/Ice       43%        3d10      5%          4
 Gell's Gravitas          Tloc           5%         N/A       12%         3
 Lesser Beckoning         Tloc           5%         N/A       12%         3
 Teleport Other           Tloc           11%        N/A       12%         3
 Summon Ice Beast         Ice/Summ       27%        N/A       14%         4
 Alistair's Intoxication  Tmut/Pois      34%        N/A       8%          5
 Bolt of Magma            Conj/Fire/Erth 19%        4d10      21%         5
 Invisibility             Hex            5%         N/A       99%         6
 Shatter                  Erth           21%        3d19*     100%        9


Dungeon Overview and Level Annotations

Branches:
Dungeon (11/15)            Temple (1/1) D:6            Lair (4/6) D:8
 Shoals (0/4) Lair:2
  Snake: Lair:2-4    Spider: Lair:2-4       Orc: D:9-12

Altars:
Ashenzari
Cheibriados
Dithmenos
Elyvilon
Fedhas
Gozag
Hepliaklqana
Kikubaaqudgha
Makhleb
Nemelex Xobeh
Okawaru
Qazlal
Ru
Sif Muna
Trog
Uskayaw
Vehumet
Wu Jian
Xom
Yredelemnul
Zin
The Shining One

Shops:
D:7 (

Annotations:
D:3 1 runed translucent door, Phlounder's ghost, weakling DjVM
D:5 unfinished level (vampire)
D:8 2 transporters
D:10 2 transporters
Lair:1 3 runed translucent doors, Strat's ghost, journeyman MiHu


Innate Abilities, Weirdness & Mutations

You cannot wear most types of armour.
You are amphibious.
You can wear up to eight rings at the same time.
Your skin changes colour to match your surroundings (Stealth+).
Your rubbery body absorbs attacks. (AC +1, EV +1)
((You are camouflaged near water. (Stealth+)))
You have tentacles for arms and can constrict up to eight enemies at once.


Message History

The eight-headed hydra bites you. x2
The eight-headed hydra completely misses you. x2
Casting: Stone Arrow (safe; 1% risk of failure)
Confirm with . or Enter, or press ? or * to list all spells.
Aiming: Stone Arrow (safe; 1% risk of failure)
Press: ? - help, Shift-Dir - straight line, f/p - eight-headed hydra
Aim: an eight-headed hydra (heavily wounded, umbra, 92% to hit)
The stone arrow hits the eight-headed hydra!
The eight-headed hydra is heavily wounded.
The eight-headed hydra misses you.
The eight-headed hydra barely misses you.
The eight-headed hydra bites you!
The eight-headed hydra barely misses you.
The eight-headed hydra bites you. x2
The eight-headed hydra closely misses you.
The eight-headed hydra barely misses you.
Casting: Stone Arrow (safe; 1% risk of failure)
Confirm with . or Enter, or press ? or * to list all spells.
Aiming: Stone Arrow (safe; 1% risk of failure)
Press: ? - help, Shift-Dir - straight line, f/p - eight-headed hydra
Aim: an eight-headed hydra (heavily wounded, umbra, 92% to hit)
The stone arrow hits the eight-headed hydra!!
The eight-headed hydra is almost dead.
The eight-headed hydra bites you!
The eight-headed hydra closely misses you.
The eight-headed hydra bites you. The eight-headed hydra bites you!
* * * LOW HITPOINT WARNING * * *
The eight-headed hydra bites you!
* * * LOW HITPOINT WARNING * * *
The eight-headed hydra misses you.
The eight-headed hydra barely misses you.
The eight-headed hydra completely misses you.
You feel much better.
The eight-headed hydra completely misses you. x2
The eight-headed hydra misses you. The eight-headed hydra bites you!
* * * LOW HITPOINT WARNING * * *
The eight-headed hydra barely misses you.
The eight-headed hydra closely misses you.
The eight-headed hydra bites you!
You die...

#.....#♣♣....♣.♣....♣♣ ♣. #...l
##.....######♣♣.♣♣##### ♣..+####
#......#♣≈♣ ♣♣≈.♣♣ ♣≈♣ ♣.......
.#.....#♣≈♣♣♣≈≈≈≈♣♣♣♣≈♣# ♣.......
##.....#.≈P♣♣♣≈P♣≈P♣P≈.# ♣♣♣♣♣♣.♣
#.....#♣P≈♣♣♣P≈♣P≈♣≈P♣# ♣.♣
#.....#♣♣♣≈≈≈≈.♣♣♣≈♣♣♣ ###
##.....########D######## #####<#
#......#...♣....@..♣...#♣♣♣......
#......#.♣.♣.♣.♣.♣.♣.♣.#♣..♣♣♣♣.♣
#P.....#.♣.♣.♣.♣.♣.♣.♣...♣♣♣...≈.
##.....#♣♣.♣.♣.♣.♣.♣.♣♣#♣..♣♣♣♣.♣
#......# ♣...♣...♣...♣ ♣♣♣......
##.....##########################
#................................
##...............................
##...............................


You could see an eight-headed hydra.

Vanquished Creatures
  Snorg (D:10)
  Fannar (Lair:1)
  7 hydras
  A boulder beetle (Lair:2)
  2 two-headed ogres
  A death yak (Lair:3)
  A deep elf pyromancer (D:7)
  2 black mambas
  A manticore (Lair:2)
  4 elephants (Lair:3)
  Joseph (D:10)
  9 cane toads
  2 kobold demonologists (D:10)
  4 rime drakes
  3 komodo dragons (Lair:3)
  3 trolls
  3 polar bears
  A wind drake (Lair:2)
  8 blink frogs (Lair:3)
  A shadow (D:10)
  19 yaks
  6 basilisks
  A wyvern (Lair:2)
  12 water moccasins
  2 black bears
  2 ice beasts
  8 orc warriors
  3 wolves (Lair:3)
  A necrophage (D:5)
  3 centaurs
  3 ogres
  6 kobold brigands
  A gnoll sergeant (D:9)
  2 scorpions
  17 bullfrogs
  3 wights (D:9)
  2 howler monkeys (D:9)
  2 centaur zombies
  A bullfrog zombie (D:6)
  A bullfrog skeleton (D:6)
  4 hounds
  7 orc priests
  7 jellies
  5 gnoll shamans
  2 iguanas
  12 orc wizards
  2 killer bee zombies
  A hound skeleton (D:5)
  Robin (D:2)
  2 howler monkey zombies
  8 adders
  25 gnolls
  A shadow imp (D:4)
  A white imp (D:6)
  An ufetubus (D:5)
  A worm (D:4)
  3 dart slugs
  47 orcs
  5 bats
  5 endoplasms
  2 giant cockroaches
  18 goblins
  6 hobgoblins
  2 jackals (D:4)
  24 kobolds
  A quokka (D:1)
  5 ball pythons
  5 rats
354 creatures vanquished.

Vanquished Creatures (collateral kills)
  A scorpion (D:6)
1 creature vanquished.

Vanquished Creatures (others)
  6 fungi
  29 plants
35 creatures vanquished.

Grand Total: 390 creatures vanquished

Notes
Turn   | Place    | Note
-------+----------+-------------------------------------------
     0 | D:1      | porpoise the Octopode Venom Mage began the quest for the
                  | Orb.
     0 | D:1      | Reached XP level 1. HP: 11/11 MP: 3/3
   102 | D:1      | Reached skill level 3 in Stealth
   147 | D:1      | Reached XP level 2. HP: 17/17 MP: 1/5
   193 | D:1      | Learned a level 2 spell: Poisonous Vapours
   815 | D:1      | Reached XP level 3. HP: 21/21 MP: 6/6
  1097 | D:2      | Learned a level 3 spell: Mephitic Cloud
  1131 | D:2      | Found a faded altar of an unknown god.
  1674 | D:2      | Noticed Robin
  1713 | D:2      | Killed Robin
  1714 | D:2      | Reached XP level 4. HP: 14/27 MP: 0/7
  2314 | D:3      | Reached skill level 4 in Stealth
  2314 | D:3      | Reached skill level 5 in Poison Magic
  2487 | D:3      | Reached XP level 5. HP: 31/31 MP: 6/8
  2811 | D:3      | Found a runed translucent door.
  2812 | D:3      | Noticed Phlounder's ghost (weakling DjVM)
  3072 | D:4      | Reached skill level 1 in Air Magic
  3364 | D:4      | Noticed a centaur
  3369 | D:4      | Found an opulent altar of Gozag.
  3373 | D:4      | Killed a centaur
  3374 | D:4      | Reached XP level 6. HP: 27/36 MP: 7/9
  3702 | D:4      | Noticed an orc warrior
  3723 | D:4      | Killed an orc warrior
  3724 | D:4      | Reached skill level 5 in Stealth
  3941 | D:4      | Reached XP level 7. HP: 41/41 MP: 7/10
  4749 | D:5      | Entered Level 5 of the Dungeon
  4750 | D:5      | Upgraded the game from 0.27-a0-1513-g2aaa0cc67b to
                  | 0.27-a0-1525-g1038ab4fd7
  5028 | D:5      | Noticed a vampire
  5294 | D:5      | Reached skill level 6 in Stealth
  5418 | D:5      | Learned a level 4 spell: Olgreb's Toxic Radiance
  5560 | D:5      | Reached skill level 1 in Conjurations
  5560 | D:5      | Reached XP level 8. HP: 39/46 MP: 11/11
  5713 | D:6      | Reached skill level 5 in Air Magic
  5798 | D:6      | Found a staircase to the Ecumenical Temple.
  6075 | Temple   | Entered the Ecumenical Temple
  6162 | Temple   | Became a worshipper of Dithmenos the Shadowed
  6261 | D:6      | Reached skill level 7 in Stealth
  6833 | D:6      | Learned a level 3 spell: Stone Arrow
  6843 | D:6      | Reached skill level 1 in Fighting
  7576 | D:6      | Reached XP level 9. HP: 52/55 MP: 2/15
  7611 | D:6      | Reached skill level 8 in Stealth
  8040 | D:7      | Noticed a two-headed ogre
  8049 | D:7      | Reached * piety under Dithmenos
  8071 | D:7      | Killed a two-headed ogre
  8072 | D:7      | Reached skill level 5 in Fighting
  8072 | D:7      | Reached skill level 10 in Stealth
  8072 | D:7      | Reached skill level 5 in Spellcasting
  8379 | D:7      | Found Deronta's Antique Weapon Emporium.
  8427 | D:7      | Bought a scorched hunting sling for 162 gold pieces
  8427 | D:7      | Identified the +1 hunting sling "Naom" {venom, Will+} (You
                  | bought it in a shop on level 7 of the Dungeon)
  8501 | D:7      | Reached skill level 1 in Earth Magic
  8814 | D:7      | Reached XP level 10. HP: 66/66 MP: 15/17
  9134 | D:7      | Noticed a deep elf pyromancer
  9140 | D:7      | Killed a deep elf pyromancer
  9279 | D:8      | Upgraded the game from 0.27-a0-1525-g1038ab4fd7 to
                  | 0.27-a0-1612-gde56a17b89
  9587 | D:8      | Reached ** piety under Dithmenos
  9859 | D:8      | Found a transporter.
 10161 | D:8      | Reached skill level 5 in Dodging
 10300 | D:8      | Noticed a kobold demonologist
 10303 | D:8      | Noticed a kobold demonologist
 10311 | D:8      | Found a transporter.
 10470 | D:8      | Found a staircase to the Lair.
 10665 | D:8      | Noticed an orc high priest
 10720 | D:9      | Upgraded the game from 0.27-a0-1612-gde56a17b89 to
                  | 0.28-a0-60-g54b5640690
 10836 | D:9      | Reached skill level 1 in Short Blades
 10836 | D:9      | Reached skill level 11 in Stealth
 11430 | D:9      | Reached skill level 5 in Earth Magic
 12335 | D:10     | Entered Level 10 of the Dungeon
 12342 | D:10     | Reached *** piety under Dithmenos
 12634 | D:10     | Noticed Joseph
 12644 | D:10     | Killed Joseph
 12645 | D:10     | Reached skill level 12 in Stealth
 12702 | D:10     | Noticed a two-headed ogre
 12710 | D:10     | Killed a two-headed ogre
 12711 | D:10     | Reached XP level 11. HP: 34/72 MP: 14/18
 12989 | D:10     | Found a transporter.
 13547 | D:10     | You are sucked into a shaft and drop 1 floor!
 13573 | D:10     | Noticed Snorg
 13999 | D:10     | Killed Snorg
 14000 | D:10     | Reached skill level 5 in Invocations
 14263 | D:10     | Found a transporter.
 14376 | D:8      | Identified the +0 robe of Pessimism {rC+ rN+++ Str-5 Int-3}
 14379 | Lair:1   | Entered Level 1 of the Lair of Beasts
 14380 | Lair:1   | Upgraded the game from 0.28-a0-60-g54b5640690 to
                  | 0.28-a0-94-g325244837d
 14444 | Lair:1   | Learned a level 3 spell: Ignite Poison
 14553 | Lair:1   | Reached skill level 5 in Conjurations
 14766 | Lair:1   | Reached skill level 1 in Fire Magic
 15102 | Lair:1   | Found a runed translucent gate.
 15102 | Lair:1   | Found a runed translucent gate.
 15102 | Lair:1   | Found a runed translucent gate.
 15102 | Lair:1   | Noticed a spectral death yak
 15105 | Lair:1   | Noticed a spectral death yak
 15213 | Lair:1   | Noticed Fannar
 15425 | Lair:1   | Killed Fannar
 15860 | Lair:1   | Reached skill level 1 in Slings
 15961 | Lair:1   | Noticed Strat's ghost (journeyman MiHu)
 16428 | Lair:2   | Reached XP level 12. HP: 81/81 MP: 22/22
 16706 | Lair:2   | Noticed a four-headed hydra
 16713 | Lair:2   | Killed a four-headed hydra
 16713 | Lair:2   | Noticed a boulder beetle
 17041 | Lair:2   | Killed a boulder beetle
 17047 | Lair:2   | Learned a level 4 spell: Ice Form
 17051 | Lair:2   | Learned a level 3 spell: Frozen Ramparts
 17210 | Lair:2   | Reached skill level 1 in Evocations
 17315 | Lair:2   | You fall into a shaft and drop 2 floors!
 17316 | Lair:4   | Noticed a seven-headed hydra
 17320 | Lair:4   | Noticed a six-headed hydra
 17332 | Lair:3   | Reached skill level 1 in Ice Magic
 18002 | Lair:2   | Found a staircase to the Shoals.
 19365 | Lair:3   | Upgraded the game from 0.28-a0-94-g325244837d to
                  | 0.28-a0-95-g65e1ffefe4
 19421 | Lair:3   | Reached skill level 5 in Evocations
 20306 | Lair:3   | Reached skill level 5 in Ice Magic
 21101 | Lair:3   | Upgraded the game from 0.28-a0-95-g65e1ffefe4 to
                  | 0.28-a0-124-g73ec313a74
 21444 | Lair:3   | Noticed a seven-headed hydra
 21448 | Lair:3   | Noticed a seven-headed hydra
 21461 | Lair:3   | Killed a seven-headed hydra
 21462 | Lair:3   | Reached XP level 13. HP: 46/86 MP: 13/23
 21864 | Lair:3   | Reached skill level 5 in Transmutations
 24664 | Lair:3   | HP: 1/89 [eight-headed hydra (15)]
 24665 | Lair:3   | Slain by an eight-headed hydra

Illustrated notes

Levels and vault maps discovered:
D:1:      lemuel_arrival_room, layout_basic
D:2:      layout_loops_cross, hellmonk_ecumenical_altar_crossroads, uniq_robin
D:3:      layout_rooms, ebering_ghost_reflecting_pool, grunt_ministairs_14
D:4:      minmay_spotlight, layout_basic, mainiacjoe_overflow_cross_hatched,
          minmay_checkerbox
D:5:      layout_cave_pools
D:6:      minmay_chambers_of_threes, layout_rooms,
          minmay_temple_entry_proselytizer, kennysheep_generic_room_10
D:7:      layout_basic, serial_shops, nicolae_stop_n_shop_1, grunt_ogre_cave,
          minmay_strange_pillars, guppyfry_early_elven_hall
D:8:      gammafunk_wand_slinger, layout_basic, grunt_lair_entry_orc_guard_hut
D:9:      layout_loops_ring, grunt_ministairs_9, hangedman_decor_points
D:10:     layout_irregular_city, gammafunk_ghost_stat_death, uniq_joseph,
          uniq_snorg
D:11:     layout_irregular_city, kennysheep_orc_monster_closet_entryway,
          serial_rivers, chequers_serial_rivers_micro_e,
          chequers_serial_rivers_micro_b, chequers_serial_rivers_large_b,
          chequers_serial_rivers_micro_e, chequers_serial_rivers_small_a,
          enter_bailey_6, minmay_between, uniq_erolcha
Temple:   dpeg_three_leaves_temple
Lair:1:   layout_chaotic_city, gammafunk_ghost_necromancy, uniq_fannar
Lair:2:   layout_cave_shapes, minmay_shoals_entry_beasts, serial_bayou_lagoon_a
Lair:3:   nzn_winding_woodlands_huge [nzn_winding_woodlands_5x15_cabin,
          nzn_winding_woodlands_5x15_eye, nzn_winding_woodlands_5x15_sidewinder,
          nzn_winding_woodlands_5x15_lazy_stream,
          nzn_winding_woodlands_5x15_river_crossing,
          nzn_winding_woodlands_5x15_default,
          nzn_winding_woodlands_5x15_default, nzn_winding_woodlands_5x15_zeroes,
          nzn_winding_woodlands_5x15_sawtooth,
          nzn_winding_woodlands_5x15_jagged,
          nzn_winding_woodlands_center_pierced_h,
          nzn_winding_woodlands_center_garden,
          nzn_winding_woodlands_15x15_killbox], layout_chaotic_city
Lair:4:   minmay_lair_oklob_tunnel, layout_cellular_growth, dummy_snake_entry,
          serial_bayou_pond_c, grunt_megastairs_5, infiniplex_staircase_pool_2,
          uniq_rupert, uniq_kirke

Skill      XL: |  1  2  3  4  5  6  7  8  9 10 11 12 13 |
---------------+----------------------------------------+-----
Stealth        | 3 4 5 6 7 10 12 | 12.0
Poison Magic   | 4 5 6 7 8 |  8.0
Transmutations | 2 3 5 |  5.0
Air Magic      | 1 2 4 5 |  5.0
Conjurations   | 1 3 5 |  5.0
Spellcasting   | 4 5 6 7 |  7.0
Fighting       | 2 5 6 7 8 |  8.4
Earth Magic    | 2 5 |  5.0
Dodging        | 3 5 6 8 |  8.9
Short Blades   | 4 |  4.0
Invocations    | 2 5 |  5.0
Fire Magic     | 3 |  3.0
Slings         | 1 4 |  4.0
Evocations     | 5 |  5.0
Ice Magic      | 5 |  5.0

Action                   |  1- 3 |  4- 6 |  7- 9 | 10-12 | 13-15 || total
-------------------------+-------+-------+-------+-------+-------++-------
Melee: Unarmed           |     5 |       |       |       |       ||     5
       Constrict         |    11 |    14 |    30 |    25 |     2 ||    82
       Tentacles         |     6 |     6 |    18 |    27 |     5 ||    62
       Dagger            |    36 |    56 |    31 |    13 |       ||   136
       War axe           |       |    15 |   125 |    95 |    13 ||   248
       Short sword       |       |       |       |    36 |       ||    36
 Fire: Hunting sling     |       |       |    88 |   453 |    28 ||   569
Throw: Dart              |       |     2 |       |       |       ||     2
       Boomerang         |       |       |    13 |       |       ||    13
 Cast: Sting             |    21 |    15 |    15 |       |       ||    51
       Poisonous Vapours |     9 |    15 |    12 |       |     1 ||    37
       Mephitic Cloud    |       |       |     5 |     6 |       ||    11
       Olgreb's Toxic Ra |       |       |     6 |     8 |     8 ||    22
       Stone Arrow       |       |       |       |    65 |    41 ||   106
       Ignite Poison     |       |       |       |     8 |    19 ||    27
Invok: Shadow Step       |       |       |       |     1 |       ||     1
Evoke: Wand              |       |       |       |     4 |       ||     4
  Use: Scroll            |       |     3 |     4 |    17 |     6 ||    30
       Potion            |       |       |     3 |     1 |     1 ||     5
 Stab: Sleeping          |    10 |     8 |     9 |     3 |       ||    30
       Confused          |       |       |     4 |     2 |       ||     6
Armor: Skin              |     6 |     2 |    27 |    52 |    16 ||   103
Dodge: Dodged            |    21 |    53 |   167 |   376 |   123 ||   740

Table legend: (Time is in decaauts)
 A = Elapsed time spent in this place.
 B = Non-inter-level travel time spent in this place.
 C = Inter-level travel time spent in this place.
 D = Time resting spent in this place.
 E = Time spent auto-exploring this place.
 F = Levels seen in this place.
 G = Mean time per level.
                   A        B        C        D        E       F      G
               +--------+--------+--------+--------+--------+-----+--------+
         Total |  24778 |  24223 |    555 |  12475 |   7923 |  16 | 1548.6 |
       Dungeon |  14502 |  14103 |    399 |   6525 |   5144 |  11 | 1318.4 |
        Temple |     96 |     65 |     31 |      0 |     64 |   1 |   96.0 |
          Lair |  10179 |  10055 |    124 |   5950 |   2715 |   4 | 2544.8 |
               +--------+--------+--------+--------+--------+-----+--------+

Top non-repeatable levels by time:
  Lair:3: 5823 daAuts
  Lair:1: 2427 daAuts
     D:4: 2092 daAuts
     D:6: 2049 daAuts
  Lair:2: 1916 daAuts
     D:9: 1909 daAuts
    D:10: 1747 daAuts
     D:8: 1626 daAuts
     D:7: 1272 daAuts
     D:1: 1243 daAuts
     D:5: 943 daAuts
     D:2: 826 daAuts
     D:3: 786 daAuts
  Temple: 96 daAuts
  Lair:4: 11 daAuts
